 Dungeon Crawl Stone Soup version 0.19.5 (webtiles) character file.

121 Inarius the Covered (level 4, -3/40 HPs)
             Began as a Minotaur Fighter on May 10, 2017.
             Killed from afar by theElss's ghost (6 damage)
             ... with a magic dart
             ... on level 3 of the Dungeon.
             The game lasted 00:04:33 (1902 turns).

Inarius the Covered (Minotaur Fighter)              Turns: 1902, Time: 00:04:34

Health: -3/40      AC:  6    Str: 21    XL:     4   Next: 76%
Magic:  3/3        EV:  8    Int:  5    God:
Gold:   94         SH:  9    Dex: 10    Spells: 0 memorised, 3 levels left

rFire  x . .     SeeInvis .     a - +0 war axe
rCold  + + .     Gourm    .     n - +0 ring mail {rC+}
rNeg   . . .     Faith    .     c - +0 shield
rPois  .         Spirit   .     (helmet restricted)
rElec  .         Reflect  .     (no cloak)
rCorr  .         Harm     .     (no gloves)
MR     .....                    (no boots)
Stlth  ..........               (no amulet)
                                (no ring)
                                p - ring of ice

@: no status effects
A: retaliatory headbutt, horns 2
a: no special abilities


You were on level 3 of the Dungeon.
You were not hungry.

You visited 1 branch of the dungeon, and saw 3 of its levels.

You collected 94 gold pieces.

Inventory:

Hand Weapons
 a - a +0 war axe (weapon)
Armour
 c - a +0 shield (worn)
 n - a +0 ring mail of cold resistance (worn)
Jewellery
 p - a ring of ice (left hand)
Wands
 q - a wand of iceblast (9/15)
Scrolls
 g - 2 scrolls of blinking {unknown}
 h - a scroll of amnesia {unknown}
 l - a scroll of remove curse {unknown}
 m - a scroll of fog
 o - a scroll of fear {unknown}
Potions
 d - a potion of might
 e - 2 potions of ambrosia {unknown}
 j - 2 potions of cancellation {unknown}
 t - a potion of brilliance {unknown}
Comestibles
 b - a royal jelly
 f - a bread ration


   Skills:
 + Level 4.2 Fighting
 + Level 4.3 Axes
 + Level 4.4 Armour
 + Level 0.4 Dodging
 + Level 4.2 Shields


You had 3 spell levels left.
You didn't know any spells.

Dungeon Overview and Level Annotations

Branches:
Dungeon (3/15)

Altars:
Okawaru

Annotations:
D:3 theElss's ghost, amateur DECj


Innate Abilities, Weirdness & Mutations

You reflexively headbutt those who attack you in melee.
You have a pair of horns on your head.


Message History

You closely miss theElss's ghost.
TheElss's ghost is almost destroyed.
TheElss's ghost barely misses you. TheElss's ghost casts a spell at you.
The magic dart hits you!
* * * LOW HITPOINT WARNING * * *
You closely miss theElss's ghost. Your headbutt misses theElss's ghost.
TheElss's ghost is almost destroyed.
TheElss's ghost says, "I was like you once."
TheElss's ghost hits you.
* * * LOW HITPOINT WARNING * * *
You closely miss theElss's ghost. Your headbutt misses theElss's ghost.
TheElss's ghost is almost destroyed.
TheElss's ghost laughs crazily.
TheElss's ghost gestures at you while chanting.
The magic dart hits you!
* * * LOW HITPOINT WARNING * * *
TheElss's ghost casts a spell at you. The magic dart hits you!
You die...

.........#####
.........#...#
.........#...#
.........#...#
.........#...#
........)#.!.#
.............#
#######.)(<..#
#.....@#
##########W######
.......)..r.......
..................
##########.#######
#.# ..# ..# .##


You could see theElss's ghost and a rat.

Vanquished Creatures
  4 gnolls (D:2)
  2 adders (D:2)
  2 worms (D:2)
  2 dart slugs
  2 orcs (D:3)
  5 bats
  2 giant cockroaches
  8 goblins
  6 hobgoblins
  4 jackals
  2 frilled lizards (D:2)
  9 kobolds
  5 rats
53 creatures vanquished.

Notes
Turn   | Place    | Note
-------+----------+-------------------------------------------
     0 | D:1      | Inarius the Minotaur Fighter began the quest for the Orb.
     0 | D:1      | Reached XP level 1. HP: 19/19 MP: 0/0
    60 | D:1      | Reached XP level 2. HP: 14/27 MP: 1/1
   750 | D:2      | Found an iron altar of Okawaru.
   844 | D:2      | Reached XP level 3. HP: 29/33 MP: 2/2
  1167 | D:2      | Reached XP level 4. HP: 34/40 MP: 3/3
  1198 | D:2      | HP: 2/40 [gnoll (3)]
  1814 | D:3      | Noticed theElss's ghost (amateur DECj)
  1898 | D:3      | HP: 1/40 [theElss's ghost/magic dart (7)]
  1902 | D:3      | Killed from afar by theElss's ghost

Skill      XL: |  1  2  3  4 |
---------------+-------------+-----
Fighting       | 4 |  4.2
Axes           | 3 4 |  4.3
Armour         | 4 |  4.4
Shields        | 4 |  4.2
Dodging        | |  0.4

Action                   |  1- 3 |  4- 6 || total
-------------------------+-------+-------++-------
Melee: War axe           |    93 |    50 ||   143
       Headbutt          |    11 |     5 ||    16
  Use: Scroll            |       |     3 ||     3
       Potion            |       |     1 ||     1
  Eat: Chunk             |     1 |     2 ||     3
Armor: Scale mail        |     7 |       ||     7
       Ring mail         |    25 |    18 ||    43
Dodge: Dodged            |    28 |    22 ||    50
Block: Shield            |    46 |    25 ||    71
